 Dungeon Crawl Stone Soup version 0.21-a0-94-gdd6ab6a (webtiles) character file.

49 4thArraOfDagon the Vexing (level 3, 0/24 HPs)
             Began as a Demonspawn Enchanter on July 2, 2017.
             Slain by an orc
             ... wielding a +0 flail
              (5 damage)
             ... on level 3 of the Dungeon.
             The game lasted 00:04:10 (905 turns).

4thArraOfDagon the Vexing (Demonspawn Enchanter)     Turns: 905, Time: 00:04:11

Health: 0/24       AC:  6    Str:  8    XL:     3   Next: 51%
Magic:  6/6        EV: 15    Int: 17    God:
Gold:   29         SH:  0    Dex: 18    Spells: 5/6 levels left

rFire    . . .     SeeInvis .   a - +1 dagger
rCold    + . .     Gourm    .   (no shield)
rNeg     . . .     Faith    .   l - +0 ring mail
rPois    .         Spirit   .   (no helmet)
rElec    .         Reflect  .   (no cloak)
rCorr    .         Harm     .   f - +0 pair of gloves
MR       .....                  (no boots)
Stlth    +++.......             (no amulet)
HPRegen  0.08/turn              h - ring of protection from fire
MPRegen  0.10/turn              o - ring of ice

@: agile
A: claws 1
a: no special abilities


You were on level 3 of the Dungeon.
You were not hungry.

You visited 1 branch of the dungeon, and saw 3 of its levels.

You collected 29 gold pieces.

Inventory:

Hand Weapons
 a - a +1 dagger (weapon)
Missiles
 m - 2 javelins (quivered)
Armour
 b - a +0 robe
 f - a +0 pair of gloves (worn)
 g - a +0 ring mail
 l - a +0 ring mail (worn)
Jewellery
 h - a ring of protection from fire (left hand)
 o - a ring of ice (right hand)
Scrolls
 e - a scroll of enchant weapon {unknown}
 k - a scroll of identify {unknown}
Potions
 j - a potion of flight
Books
 c - a book of Maledictions

   Spells                             Type                      Level
   a - Corona                         Hexes                        1
   b - Ensorcelled Hibernation        Hexes/Ice                    2
   c - Confuse                        Hexes                        3
   d - Tukima's Dance                 Hexes                        3
   e - Dazzling Spray                 Conjuration/Hexes            3
Comestibles
 d - a bread ration


   Skills:
 - Level 0.8 Short Blades
 - Level 1.7 Dodging
 - Level 2.6 Stealth
 * Level 2.9 Unarmed Combat
 - Level 2.0 Spellcasting
 - Level 3.0 Hexes


You had 5 spell levels left.
You knew the following spells:

 Your Spells              Type           Power        Failure   Level  Hunger
a - Corona                Hex            ##.....      17%         1    #......


Dungeon Overview and Level Annotations

Branches:
Dungeon (3/15)

Altars:


Innate Abilities, Weirdness & Mutations

You have sharp fingernails.


Message History

The jackal is lightly wounded.
The jackal bites you but does no damage.
You hit the jackal but do no damage.
The jackal is lightly wounded.
The jackal bites you but does no damage.
A rat comes into view.
The rat misses you.
The rat moves out of view.
The jackal closely misses you.
You hit the rat.
The rat is severely wounded.
The rat closely misses you. The jackal barely misses you.
Unknown command.
You hit the rat.
You kill the rat!
The jackal misses you.
The jackal bites you but does no damage.
The orc completely misses you.
Unknown command.
You barely miss the orc. The jackal barely misses you.
The orc hits you with a flail.
You die...

#.#.#.. .
#.#<#.... ####
#.###... ###+##..
#...#.#
#........##h....#
r.........h...##
.....####oh..#
#o#..........#
#@#######..$.#
#.hhh.ghoo...#
###########..#
#..# #.# ..# ..[
#.


You could see 2 orcs, 4 jackals, a hobgoblin and a rat (wandering).

Vanquished Creatures
  3 adders
  A dart slug (D:1)
  A ball python (D:1)
  2 bats (D:3)
  4 goblins
  2 jackals (D:2)
  2 frilled lizards
  2 kobolds
  5 rats
22 creatures vanquished.

Notes
Turn   | Place    | Note
-------+----------+-------------------------------------------
     0 | D:1      | 4thArraOfDagon the Demonspawn Enchanter began the quest for the Orb.
     0 | D:1      | Reached XP level 1. HP: 13/13 MP: 3/3
    48 | D:1      | Reached skill level 1 in Unarmed Combat
   147 | D:1      | Gained mutation: You have sharp fingernails. [demonic ancestry]
   147 | D:1      | Reached XP level 2. HP: 9/19 MP: 5/5
   606 | D:3      | Reached XP level 3. HP: 10/24 MP: 6/6
   905 | D:3      | Slain by an orc

Vault maps used:
D:1:      mrwooster_arrival_statue
D:2:      grunt_ministairs_13
D:3:      chequers_ecumenical_altar_lobes, minmay_randomly_rotated_circles

Skill      XL: |  1  2 |
---------------+-------+-----
Unarmed Combat | 1 2 |  2.9
Short Blades   | |  0.8
Dodging        | |  1.7
Stealth        | |  2.6
Spellcasting   | |  2.0
Hexes          | |  3.0

Action                   || total
-------------------------++-------
Melee: Dagger            ||   129
Throw: Javelin           ||     5
 Cast: Corona            ||     2
  Use: Potion            ||     7
 Stab: Sleeping          ||     2
Armor: Robe              ||     3
       Ring mail         ||    74
Dodge: Dodged            ||   121
